AoeStats
← pelicanul

Black Forest

506885847Analyzed
4v4 RM · 16d ago on Sep 15, 2026· 55m 16s· 8 players
Game mode
Random Map
Map size
Large (8 player)
Population
200
Speed
Normal
Resources
Standard
Victory
Conquest
Starting age
Dark Age
Ending age
Imperial Age
RankedLock teamsTeams togetherTeam positionsShared explorationLock speedFull tech treeHidden civsTurbo modeCheats
Victory
Defeat
🇲🇽 Malay · Mexico
1043
+15
🇦🇷 Lithuanians · Argentina
1013
+17
🇩🇪 Khmer · Germany
978
+18
🇦🇷 Saracens · Argentina
976
+18
🇹🇼 Cumans · Taiwan
1050
-18
🇷🇴 Romans · Romania
1040
-18
🇭🇰 Persians · Hong Kong SAR China
1011
-16
🇷🇴 Inca · Romania
999
-16
Takumi
12:34 Feudal Age
15:54 Wheelbarrow
18:17 Castle Age
17:17 Horse Collar
17:24 Double-Bit Axe
17:43 Scale Mail Armor
18:30 Gold Mining
29:14 Hand Cart
29:05 Heavy Plow
29:20 Bow Saw
31:50 Chain Mail Armor
31:46 Forging
31:40 Town Watch
32:28 Town Patrol
33:06 Squires
35:58 Imperial Age
35:47 Iron Casting
35:07 Loom
35:28 Caravan
35:03 Pikeman
36:21 Halberdier
36:46 Elite Kamayuk
39:03 Plate Mail Armor
39:33 Blast Furnace
40:57 Halberdier
pelicanul
12:24 Feudal Age
15:05 Scale Mail Armor
15:20 Forging
15:34 Double-Bit Axe
18:26 Castle Age
17:19 Horse Collar
17:32 Stone Mining
18:25 Man-at-Arms
19:48 Bow Saw
19:48 Heavy Plow
24:22 Gold Mining
25:33 Town Watch
27:59 Long Swordsman
28:40 Squires
29:59 Chain Mail Armor
30:19 Iron Casting
31:05 Wheelbarrow
31:20 Ballistics
31:32 Caravan
32:55 Gold Shaft Mining
35:27 Imperial Age
34:09 Iron Casting
35:40 Heavy Scorpion
35:41 Legionary
cl12272003
2:10 Loom
11:55 Feudal Age
12:31 Double-Bit Axe
12:30 Horse Collar
13:11 Stone Mining
21:05 Castle Age
21:10 Scale Mail Armor
21:21 Forging
21:33 Forging
22:00 Heavy Plow
22:25 Town Watch
24:22 Wheelbarrow
26:31 Stone Shaft Mining
27:18 Gold Mining
29:47 Hand Cart
30:06 Town Patrol
30:07 Fletching
30:45 Padded Archer Armor
33:02 Gold Shaft Mining
33:09 Leather Archer Armor
32:50 Bodkin Arrow
33:03 Kamandaran
34:24 Chain Mail Armor
36:52 Imperial Age
33:56 Crossbowman
35:18 Thumb Ring
36:35 Scale Barding Armor
37:06 Iron Casting
37:32 Bow Saw
38:19 Hoardings
38:05 Conscription
38:36 Crop Rotation
39:15 Ring Archer Armor
39:16 Plate Mail Armor
39:47 Blast Furnace
39:51 Chain Barding Armor
41:34 Elite War Elephant
42:25 Citadels
46:12 Capped Ram
Astronomy翔
0:29 Loom
11:15 Feudal Age
11:31 Man-at-Arms
23:24 Wheelbarrow
23:12 Double-Bit Axe
23:09 Horse Collar
24:02 Town Watch
28:55 Castle Age
27:39 Gold Mining
27:41 Stone Mining
29:38 Heavy Plow
29:54 Bow Saw
30:18 Hand Cart
31:05 Gold Shaft Mining
29:57 Long Swordsman
30:55 Forging
30:53 Scale Barding Armor
32:20 Fervor
32:38 Caravan
33:36 Sanctity
34:37 Iron Casting
34:23 Chain Barding Armor
37:27 Imperial Age
35:39 Bloodlines
36:23 Town Patrol
36:34 Scale Mail Armor
38:39 Crop Rotation
39:27 Two-Man Saw
38:52 Conscription
38:14 Cavalier
39:50 Guilds
41:13 Ballistics
40:31 Paladin
42:36 Blast Furnace
42:12 Plate Barding Armor
43:26 Fletching
49:31 Onager
51:28 Siege Onager
54:45 Masonry
Xonkorcorpse
12:07 Feudal Age
18:34 Castle Age
35:30 Double-Bit Axe
35:31 Horse Collar
36:28 Heavy Plow
36:48 Bow Saw
43:45 Pikeman
45:15 Loom
55:12 Wheelbarrow
2026
10:13 Feudal Age
13:21 Castle Age
20:04 Double-Bit Axe
21:02 Bow Saw
20:44 Horse Collar
21:55 Heavy Plow
22:08 Gold Mining
26:41 Imperial Age
25:03 Stone Mining
28:56 Heavy Scorpion
30:04 Siege Engineers
31:00 Chemistry
30:51 Double Crossbow
43:46 Caravan
52:46 Ballistics
emanuelvicente14
0:41 Loom
12:27 Feudal Age
16:27 Castle Age
16:24 Horse Collar
16:33 Double-Bit Axe
26:54 Heavy Plow
28:43 Fortified Wall
31:14 Wheelbarrow
31:33 Bow Saw
35:10 Imperial Age
35:25 Husbandry
35:36 Bloodlines
35:48 Hand Cart
35:40 Caravan
35:16 Heavy Camel Rider
35:51 Stone Mining
37:03 Two-Man Saw
35:56 Gold Mining
38:27 Gold Shaft Mining
37:29 Elite Skirmisher
38:16 Thumb Ring
39:03 Parthian Tactics
40:17 Chemistry
40:14 Conscription
40:30 Hoardings
39:59 Padded Archer Armor
40:00 Scale Mail Armor
40:10 Forging
40:06 Scale Barding Armor
39:52 Fletching
45:24 Masonry
48:07 Pikeman
48:49 Squires
48:35 Arson
TremendoManco
0:50 Loom
11:13 Feudal Age
13:02 Double-Bit Axe
16:25 Castle Age
18:48 Husbandry
19:31 Wheelbarrow
20:53 Bow Saw
21:11 Horse Collar
25:08 Gold Mining
25:50 Bloodlines
25:55 Heavy Plow
25:45 Town Watch
32:15 Imperial Age
30:09 Forging
30:06 Scale Barding Armor
30:20 Fletching
32:27 Stone Mining
33:16 Iron Casting
33:31 Conscription
34:24 Hand Cart
34:48 Crop Rotation
34:45 Chain Barding Armor
33:50 Light Cavalry
35:22 Ballistics
36:05 Chemistry
38:02 Plate Barding Armor
37:30 Town Patrol
38:39 Two-Man Saw
37:58 Winged Hussar
38:41 Scale Mail Armor
38:42 Padded Archer Armor
38:38 Bodkin Arrow
40:40 Leather Archer Armor
40:40 Chain Mail Armor
42:44 Bracer
42:35 Elite Leitis
44:25 Pikeman
45:06 Squires
44:51 Arson
45:07 Halberdier
47:34 Ring Archer Armor
47:43 Stone Shaft Mining
47:23 Masonry
47:08 Murder Holes
46:42 Cavalier
Connection lost

Rejoining the realm…

Still unreachable

The connection could not be restored.

Session expired

The server has moved on; the page needs a fresh start.